[Event "Titled Tuesday Blitz August 16 Early 2022"]
[White "Bortnyk, Olexandr"]
[Black "Perez Ponsa, Federico"]
[WhiteFideId "14120828"]
[BlackFideId "117927"]
[WhiteElo "2723"]
[BlackElo "2604"]
[Result "1-0"]
[Round "06"]
[TimeControl "180+1"]
[Date "2022.08.16"]
[WhiteClock "0:00:10"]
[BlackClock "0:00:45"]

1. d4 Nf6 2. Nc3 d5 3. Bf4 c5 4. e4 Nxe4 5. Nxe4 dxe4 6. d5 g6 7. Be5 Rg8 8. Qd2 Nd7 9. Bc3 Bg7 10. Bxg7 Rxg7 11. O-O-O Nf6 12. f3 Kf8 13. fxe4 Nxe4 14. Qe3 Nd6 15. Nf3 Bf5 16. Be2 Qa5 17. Kb1 Re8 18. Rhf1 Qa4 19. Bd3 Bxd3 20. Rxd3 b6 21. Ne5 Kg8 22. Rf4 Qa6 23. a3 Qc8 24. g4 Qc7 25. Qg3 c4 26. Rdf3 b5 27. Nc6 Qd7 28. h4 a6 29. Ne5 Qa7 30. Rf1 Qc5 31. Qf3 f5 32. h5 Ne4 33. Rxe4 fxe4 34. Qxe4 Qd6 35. h6 c3 36. hxg7 Kxg7 37. Qd4 Kg8 38. Nf7 e5 39. Nxd6 1-0


[Site "https://www.chess.com"]

[Event "Titled Tuesday Blitz August 16 Early 2022"]
[White "Broca Jimenez, Fernando"]
[Black "Nevednichy, Vladislav"]
[WhiteFideId "5104742"]
[BlackFideId "1205730"]
[WhiteElo "2075"]
[BlackElo "2473"]
[Result "0-1"]
[Round "06"]
[TimeControl "180+2"]
[Date "2022.08.18"]
[WhiteClock "0:00:00"]
[BlackClock "0:00:00"]

1. e4 e6 2. d4 d5 3. exd5 exd5 4. Bd3 c6 5. Nf3 Nf6 6. O-O Bg4 7. Bg5 Bh5 8. Re1+ Kd7 9. Bf5+ Kc7 10. Qd2 Bxf3 11. Qf4+ Bd6 12. Qxf3 h6 13. Bf4 g5 14. Bxd6+ Qxd6 15. Nd2 Na6 16. c4 Rae8 17. c5 Qf4 18. Qxf4+ gxf4 19. Nf3 b6 20. cxb6+ axb6 21. Ne5 Re7 22. Rac1 Nb8 23. b4 Rhe8 24. Red1 b5 25. a4 bxa4 26. b5 Rxe5 27. dxe5 Rxe5 28. Bc2 c5 29. Bxa4 Kb6 30. Bb3 Nbd7 31. f3 c4 32. Bc2 Kc5 33. Rb1 Nb6 34. Ra1 Re2 35. Bb1 d4 36. Bf5 Nfd5 37. Be4 Nc3 38. Re1 Rxe1+ 39. Rxe1 Nxe4 40. Rxe4 c3 41. Re1 d3 42. Kf2 c2 43. Rc1 Nc4 44. Ke1 d2+ 45. Kf2 dxc1=Q 0-1


[Site "https://www.chess.com"]

[Event "Titled Tuesday Blitz August 16 Early 2022"]
[White "Brozyna, Mateusz"]
[Black "Sanchez, Robert"]
[WhiteFideId "21816140"]
[BlackFideId "2034360"]
[WhiteElo "2276"]
[BlackElo "1966"]
[Result "1-0"]
[Round "06"]
[TimeControl "180+2"]
[Date "2022.08.18"]
[WhiteClock "0:00:00"]
[BlackClock "0:00:00"]

1. e4 e6 2. d4 d5 3. exd5 exd5 4. Nf3 Nf6 5. Bd3 Be7 6. O-O O-O 7. h3 c5 8. c3 Nc6 9. dxc5 Bxc5 10. Nbd2 Be6 11. Nb3 Bb6 12. Bg5 h6 13. Bh4 Re8 14. Re1 g5 15. Nxg5 hxg5 16. Bxg5 Bxf2+ 17. Kxf2 Ne4+ 18. Bxe4 Qxg5 19. Bf3 Ne5 20. Qd4 Nxf3 21. gxf3 Kf8 22. Rg1 Qh5 23. Rg3 Rac8 24. Qb4+ Re7 25. Rag1 Ke8 26. Rg8+ Kd7 27. Qxb7+ Rc7 28. Nc5+ Kd6 29. Rd8+ Kxc5 30. Qb4+ Kc6 31. Rd6# 1-0


[Site "https://www.chess.com"]

[Event "Titled Tuesday Blitz August 16 Early 2022"]
[White "Cannon, David"]
[Black "Ginzburg, Yakov"]
[WhiteFideId "3213110"]
[BlackFideId "4157176"]
[WhiteElo "2137"]
[BlackElo "2405"]
[Result "1-0"]
[Round "06"]
[TimeControl "180+2"]
[Date "2022.08.18"]
[WhiteClock "0:00:00"]
[BlackClock "0:00:00"]

1. d4 Nf6 2. c4 e5 3. dxe5 Ng4 4. Bf4 Nc6 5. Nf3 Bc5 6. e3 Qe7 7. Nc3 O-O 8. Nd5 Bb4+ 9. Ke2 Qc5 10. Rc1 b5 11. h3 Nh6 12. Bxh6 gxh6 13. Nf6+ Kh8 14. Qd3 1-0


[Site "https://www.chess.com"]

[Event "Titled Tuesday Blitz August 16 Early 2022"]
[White "Chen, Justin"]
[Black "Drygalov, Sergey"]
[WhiteFideId "2098199"]
[BlackFideId "24171743"]
[WhiteElo "2289"]
[BlackElo "2523"]
[Result "0-1"]
[Round "06"]
[TimeControl "180+1"]
[Date "2022.08.16"]
[WhiteClock "0:00:01"]
[BlackClock "0:00:41"]

1. e4 c5 2. Nf3 d6 3. Bb5+ Nd7 4. O-O a6 5. Bxd7+ Bxd7 6. d4 cxd4 7. Qxd4 e5 8. Qd3 Rc8 9. Nc3 Qc7 10. a4 Be6 11. Rd1 h6 12. Nd2 Nf6 13. Nf1 Be7 14. Ne3 O-O 15. Bd2 Rfd8 16. Rac1 Bc4 17. Nxc4 Qxc4 18. b3 Qc5 19. Be1 Rd7 20. Nd5 Nxd5 21. Qxd5 Qxd5 22. Rxd5 g6 23. c4 f5 24. f3 Kf7 25. Kf1 Ke6 26. Ke2 Rf8 27. Rcd1 Rc7 28. Bd2 h5 29. Be3 Rc6 30. R1d3 g5 31. Bf2 f4 32. h3 Rg8 33. Rd1 Rcc8 34. Rh1 Rg6 35. Be1 Rc6 36. Kf1 Rb6 37. Rd3 Rc6 38. Bf2 b5 39. cxb5 axb5 40. axb5 Rc1+ 41. Be1 Rg8 42. Ke2 Rb8 43. Rf1 Rxb5 44. Bd2 Rc2 45. Rc1 Rb2 46. Rcc3 d5 47. exd5+ Rxd5 48. Rxd5 Kxd5 49. Kd1 g4 50. hxg4 hxg4 51. Rd3+ Ke6 52. Kc1 Ra2 53. Kb1 Ra8 54. Bc3 Rh8 55. Kb2 Rh2 56. Rd2 Bc5 57. Kc2 Be3 58. Re2 gxf3 59. Kd3 fxe2 0-1


[Site "https://www.chess.com"]

[Event "Titled Tuesday Blitz August 16 Early 2022"]
[White "Chigaev, Maksim"]
[Black "Yuan, Qingyu"]
[WhiteFideId "4108116"]
[BlackFideId "8609772"]
[WhiteElo "2487"]
[BlackElo "2359"]
[Result "1-0"]
[Round "06"]
[TimeControl "180+1"]
[Date "2022.08.16"]
[WhiteClock "0:00:05"]
[BlackClock "0:00:03"]

1. e4 c6 2. Nf3 d5 3. d3 dxe4 4. dxe4 Qxd1+ 5. Kxd1 Nf6 6. Nbd2 g6 7. Ne5 Be6 8. f3 Bh6 9. c3 Nbd7 10. Nd3 O-O-O 11. Kc2 Kc7 12. Nb3 Bxc1 13. Rxc1 Bc4 14. Rd1 g5 15. Be2 h5 16. h4 Rhg8 17. Rdg1 g4 18. Nbc1 Bxd3+ 19. Nxd3 Rg7 20. Re1 gxf3 21. Bxf3 Ng4 22. e5 e6 23. Re2 Rh8 24. a4 a5 25. b3 Nh6 26. Rd1 Nf5 27. Re4 Ng3 28. Rf4 Nf5 29. Re1 Rh6 30. c4 c5 31. Kc3 b6 32. Rxf5 exf5 33. Nf4 Rg8 34. e6 fxe6 35. Nxe6+ Kc8 36. Ng5 Nf6 37. Re5 f4 38. Nf7 Rh7 39. Nd6+ Kd7 40. Nb5 Re8 41. Rf5 Re6 42. Rxf4 Rhe7 43. Kc2 Kd8 44. Nc3 Rg7 45. Rf5 Rh7 46. Rg5 Ree7 47. Nd5 Nxd5 48. cxd5 Reg7 49. Re5 Re7 50. Rxh5 Rxh5 51. Bxh5 Rh7 52. g4 Ke7 53. Kd3 Kf6 54. Ke4 Re7+ 55. Kf4 Kg7 56. g5 Re1 57. Bf3 Rb1 58. d6 Rxb3 59. Bd5 Rd3 60. Ke4 c4 61. d7 Rd1 62. d8=Q Re1+ 63. Kf5 c3 64. Qg8# 1-0


[Site "https://www.chess.com"]

[Event "Titled Tuesday Blitz August 16 Early 2022"]
[White "Cruz, Cristhian"]
[Black "Bashirli, Saadat"]
[WhiteFideId "3801969"]
[BlackFideId "13429990"]
[WhiteElo "2568"]
[BlackElo "1567"]
[Result "1-0"]
[Round "06"]
[TimeControl "180+2"]
[Date "2022.08.18"]
[WhiteClock "0:00:00"]
[BlackClock "0:00:00"]

1. d4 d5 2. c4 e6 3. Nc3 c6 4. e3 dxc4 5. Bxc4 b5 6. Bd3 Bb7 7. Nf3 Nf6 8. Qc2 Bb4 9. O-O O-O 10. e4 h6 11. e5 Nd5 12. Ne4 Nd7 13. a3 Be7 14. Bd2 N7b6 15. Rfd1 a5 16. Nc5 Bxc5 17. dxc5 Nd7 18. b4 axb4 19. axb4 Qe7 20. Qb2 f6 21. exf6 N7xf6 22. Ne5 Rxa1 23. Rxa1 Ra8 24. Re1 Ra4 25. Bg6 Kh8 26. Bc2 Kg8 27. Bxa4 bxa4 28. Qa3 Ba6 29. Qxa4 Bb5 30. Qa8+ Kh7 31. Nxc6 Qd7 32. Ne5 Qc7 33. Qa1 Bd3 34. Qd4 Be4 35. Rxe4 Nxe4 36. Qxe4+ Kg8 37. Qf3 Nf6 38. Bc3 Qd8 39. h3 Nd5 40. Qf7+ Kh7 41. Nc6 Qg5 42. Qxg7+ Qxg7 43. Bxg7 Kxg7 44. b5 Nc7 45. b6 Na6 46. b7 Kf6 47. b8=Q Nxb8 48. Nxb8 Ke5 49. Nd7+ Kd5 50. f4 Kc6 51. Nf8 Kxc5 52. Nxe6+ Kd5 53. Ng7 Ke4 54. g3 Kf3 55. Kh2 Kf2 56. f5 Kf3 57. f6 Kf2 58. f7 Ke1 59. f8=Q Ke2 60. Qf4 Kd1 61. Qf2 Kc1 62. Kg2 Kb1 63. Kf3 Kc1 64. Ke3 Kb1 65. Kd3 Ka1 66. Kc3 Kb1 67. Qb2# 1-0


[Site "https://www.chess.com"]

[Event "Titled Tuesday Blitz August 16 Early 2022"]
[White "Csonka, Balazs"]
[Black "Iljin, Timofey"]
[WhiteFideId "742910"]
[BlackFideId "14110180"]
[WhiteElo "2404"]
[BlackElo "2404"]
[Result "1-0"]
[Round "06"]
[TimeControl "180+1"]
[Date "2022.08.16"]
[WhiteClock "0:00:10"]
[BlackClock "0:00:02"]

1. d4 d5 2. Nf3 Nf6 3. c4 e6 4. Nc3 Bb4 5. cxd5 exd5 6. Bg5 h6 7. Bh4 g5 8. Bg3 Ne4 9. Nd2 Nxg3 10. hxg3 c6 11. Qc2 Be6 12. O-O-O Qe7 13. e4 Nd7 14. e5 O-O-O 15. f4 gxf4 16. gxf4 Nb6 17. f5 Bd7 18. f6 Qf8 19. Bd3 Kb8 20. a3 Bxc3 21. Qxc3 h5 22. Qc5 Qxc5+ 23. dxc5 Na4 24. Nb3 b6 25. cxb6 axb6 26. Rh4 c5 27. Be2 d4 28. Rxh5 Be6 29. Rxh8 Rxh8 30. Nd2 Kc7 31. g4 Rh2 32. Re1 Nxb2 33. Kxb2 d3 34. Bxd3 Rxd2+ 35. Kc3 Ra2 36. Bf5 Rxa3+ 37. Kb2 Ra2+ 38. Kb1 Bxf5+ 39. Kxa2 Bxg4 40. e6 Bxe6+ 41. Rxe6 fxe6 42. f7 Kd6 43. f8=Q+ Kd5 44. Qf2 Kc4 45. Qe2+ Kb4 46. Qxe6 b5 47. Qb3+ Ka5 48. Ka3 c4 49. Qb4+ Kb6 50. Kb2 Kc6 51. Kc3 Kd5 52. Qxb5+ Ke4 53. Qxc4+ Ke3 54. Qd4+ Ke2 55. Kc2 Kf3 56. Qe5 Kg4 57. Kd2 Kf3 58. Ke1 Kg4 59. Kf2 Kh3 60. Qg5 Kh2 61. Qg4 Kh1 62. Qg8 Kh2 63. Qg4 Kh1 64. Kg3 1-0


[Site "https://www.chess.com"]

[Event "Titled Tuesday Blitz August 16 Early 2022"]
[White "D`Arruda, Ricardo D."]
[Black "Koniahli, Malek."]
[WhiteFideId "100692"]
[BlackFideId "7603495"]
[WhiteElo "2271"]
[BlackElo "2097"]
[Result "1/2-1/2"]
[Round "06"]
[TimeControl "180+2"]
[Date "2022.08.18"]
[WhiteClock "0:00:00"]
[BlackClock "0:00:00"]

1. d4 Nf6 2. Nf3 g6 3. Nc3 Bg7 4. e4 d6 5. Bg5 O-O 6. Qd2 c5 7. dxc5 dxc5 8. Qxd8 Rxd8 9. e5 Ng4 10. Bxe7 Re8 11. Bxc5 Nxe5 12. Nxe5 Rxe5+ 13. Be3 Bf5 14. O-O-O Nc6 15. Bd3 Be6 16. Rhe1 Rc8 17. Be4 f5 18. Bxc6 Rxc6 19. Kb1 a6 20. a3 h5 21. Bd2 Kf7 22. Rxe5 Bxe5 23. h3 h4 24. Ne2 Kf6 25. Bc3 g5 26. Bxe5+ Kxe5 27. Nd4 Rc4 28. Nxe6 Kxe6 29. Kc1 Rf4 30. Rd2 g4 31. hxg4 fxg4 32. g3 hxg3 33. fxg3 Rf1+ 34. Rd1 Rf3 35. Rg1 Rf2 36. Kd1 Ke5 37. Re1+ Kd4 38. Re2 Rf3 39. Rg2 Ke3 40. Re2+ Kd4 41. Rg2 Rf1+ 42. Ke2 Rb1 43. b3 b5 44. Rf2 Kc3 45. Ke3 Rc1 46. Kf4 Rxc2 47. Rxc2+ Kxc2 48. b4 Kb3 49. Kxg4 Kxa3 50. Kf4 Kxb4 51. g4 a5 52. g5 a4 53. g6 a3 54. g7 a2 55. g8=Q a1=Q 56. Qf8+ Kc4 57. Qf7+ Kd3 58. Qb3+ Kd2 59. Qxb5 Qf6+ 60. Ke4 Qe6+ 61. Kd4 Qd6+ 62. Qd5 Qb4+ 63. Ke5+ Ke3 64. Ke6 Qb6+ 65. Qd6 Qb3+ 66. Qd5 Qb1 67. Qe5+ Kf2 68. Qf5+ Qxf5+ 69. Kxf5 1/2-1/2


[Site "https://www.chess.com"]

[Event "Titled Tuesday Blitz August 16 Early 2022"]
[White "Daianu, Cristian-Clement"]
[Black "Orlov, Georgi"]
[WhiteFideId "1208926"]
[BlackFideId "2011271"]
[WhiteElo "2164"]
[BlackElo "2461"]
[Result "0-1"]
[Round "06"]
[TimeControl "180+2"]
[Date "2022.08.18"]
[WhiteClock "0:00:00"]
[BlackClock "0:00:00"]

1. e4 d6 2. d4 Nf6 3. Nc3 c6 4. Be2 g6 5. h4 h5 6. Nf3 Bg7 7. Ng5 Qb6 8. O-O Ng4 9. Be3 O-O 10. a3 e5 11. dxe5 Nxe3 12. fxe3 Qxe3+ 13. Kh1 Bxe5 14. Bxh5 Qg3 15. Nf3 gxh5 16. Nxe5 Qxh4+ 17. Kg1 dxe5 18. Qd6 Qg5 19. Rad1 Bg4 20. Rd3 Na6 21. Rg3 Rad8 22. Qf6 Qxf6 23. Rxf6 Kg7 24. Rf5 f6 25. Rxh5 Rh8 26. Rxg4+ Kf7 27. Rxh8 Rxh8 28. Kf2 Nc5 29. Rg3 Rh1 30. Rh3 Rc1 31. b4 Rxc2+ 32. Kg1 Ne6 33. Na4 b5 34. Nc3 Nf4 35. Rg3 Rxc3 0-1


[Site "https://www.chess.com"]

[Event "Titled Tuesday Blitz August 16 Early 2022"]
[White "De La Colina, Nicolas"]
[Black "Koridze, Lile"]
[WhiteFideId "30946921"]
[BlackFideId "13612514"]
[WhiteElo "2123"]
[BlackElo "2081"]
[Result "1-0"]
[Round "06"]
[TimeControl "180+2"]
[Date "2022.08.18"]
[WhiteClock "0:00:00"]
[BlackClock "0:00:00"]

1. e4 c5 2. Nf3 d6 3. c3 Nf6 4. h3 g6 5. Bd3 Bg7 6. Bc2 O-O 7. O-O Nc6 8. d4 cxd4 9. cxd4 Bd7 10. Nc3 Rc8 11. Re1 e5 12. d5 Ne7 13. Be3 a6 14. Nd2 b5 15. a3 Ne8 16. Bd3 f5 17. f3 Nc7 18. Qb3 Na8 19. a4 Nc7 20. axb5 axb5 21. Qb4 Be8 22. Ra7 Rb8 23. Rea1 Ncxd5 24. exd5 1-0


[Site "https://www.chess.com"]

[Event "Titled Tuesday Blitz August 16 Early 2022"]
[White "Delorme, Axel"]
[Black "Danielyan, Vahe"]
[WhiteFideId "632023"]
[BlackFideId "13304828"]
[WhiteElo "2474"]
[BlackElo "2421"]
[Result "0-1"]
[Round "06"]
[TimeControl "180+2"]
[Date "2022.08.18"]
[WhiteClock "0:00:00"]
[BlackClock "0:00:00"]

1. d4 d5 2. Nf3 Nf6 3. c4 dxc4 4. e3 e6 5. Bxc4 a6 6. Nc3 b5 7. Be2 c5 8. O-O Bb7 9. a4 b4 10. Nb1 Nbd7 11. Nbd2 cxd4 12. Nxd4 Bd6 13. Bf3 Qc7 14. Bxb7 Qxb7 15. Qf3 Qxf3 16. N2xf3 Rc8 17. Bd2 Nb6 18. Rfc1 Kd7 19. b3 Ne4 20. Be1 g5 21. h3 h5 22. Kf1 g4 23. hxg4 hxg4 24. Nd2 Nc3 25. g3 Rh1+ 26. Kg2 Rch8 27. Nf1 e5 28. Nf5 Ne2 29. f3 Nd5 30. Rd1 gxf3+ 31. Kxf3 Rxf1+ 32. Kxe2 Rxf5 33. Rxd5 Ke6 34. e4 Rh2+ 35. Kd1 Rf1 36. Rc1 Ra2 37. Rc6 Ra1+ 38. Kc2 Rfxe1 39. Rcxd6+ Ke7 40. Rd7+ Kf8 41. Rxe5 Ra2+ 42. Kd3 Rd1+ 43. Kc4 Rxd7 44. Kxb4 Rb2 45. Ra5 Rd3 46. Rxa6 Rdxb3+ 47. Ka5 Rxg3 0-1


[Site "https://www.chess.com"]

[Event "Titled Tuesday Blitz August 16 Early 2022"]
[White "Demidov, Mikhail"]
[Black "Harshavardhan G B"]
[WhiteFideId "4197143"]
[BlackFideId "25059009"]
[WhiteElo "2525"]
[BlackElo "1890"]
[Result "1-0"]
[Round "06"]
[TimeControl "180+1"]
[Date "2022.08.16"]
[WhiteClock "0:01:18"]
[BlackClock "0:00:27"]

1. Nf3 Nf6 2. g3 g6 3. b3 Bg7 4. Bb2 O-O 5. Bg2 d6 6. d4 Nbd7 7. O-O c5 8. c4 Rb8 9. Nc3 a6 10. dxc5 Nxc5 11. Nd4 Ne6 12. Nc2 b6 13. Nb4 Bb7 14. Nc6 Bxc6 15. Bxc6 Qc7 16. Bg2 Rfc8 17. Rc1 Qd8 18. Qd2 b5 19. cxb5 axb5 20. b4 Nd7 21. Nd5 Bxb2 22. Qxb2 Nb6 23. Rxc8 Rxc8 24. Rc1 Na4 25. Rxc8 Nxb2 26. Nxe7+ Kf8 27. Rxd8+ Nxd8 28. Nc8 Nc4 29. Bd5 Ne6 30. Kf1 Nd4 31. a4 Nc2 32. axb5 N2e3+ 33. fxe3 Nxe3+ 34. Kf2 Nxd5 35. b6 Nxb4 36. b7 Nc6 37. Ke3 d5 38. Na7 Nb8 39. Kd4 Ke7 40. Kxd5 Kd7 41. Nb5 Na6 42. Nd6 f6 43. Ne4 Kc7 44. Nxf6 h5 45. Ke6 Nb4 46. Nd5+ Nxd5 47. Kxd5 Kxb7 48. Ke6 1-0


[Site "https://www.chess.com"]

[Event "Titled Tuesday Blitz August 16 Early 2022"]
[White "Demin, Vladimir"]
[Black "Tica, Sven"]
[WhiteFideId "4167457"]
[BlackFideId "14526948"]
[WhiteElo "2430"]
[BlackElo "2350"]
[Result "1-0"]
[Round "06"]
[TimeControl "180+2"]
[Date "2022.08.18"]
[WhiteClock "0:00:00"]
[BlackClock "0:00:00"]

1. d4 g6 2. e4 Bg7 3. Nc3 a6 4. a4 d6 5. h4 h6 6. Be3 Nd7 7. Qd2 e6 8. g4 b6 9. f4 Bb7 10. Bg2 Ngf6 11. Bf3 h5 12. g5 Ng4 13. Bxg4 hxg4 14. Qg2 f5 15. gxf6 Nxf6 16. Nge2 Qe7 17. O-O-O O-O-O 18. Kb1 Rh5 19. Ng3 Rh7 20. Nf1 Rdh8 21. Bf2 b5 22. axb5 axb5 23. Nd2 Qd7 24. Rhe1 b4 25. Ne2 Qa4 26. Nc1 Kd7 27. Ndb3 Ra8 28. d5 exd5 29. e5 Ne4 30. Qxg4+ Kc6 31. Rxe4 dxe4 32. exd6 Bxb2 33. Kxb2 Qa3+ 34. Kb1 cxd6 35. Qxg6 Rd7 36. Bc5 Rad8 37. Bd4 Kc7 38. h5 Bd5 39. Bb2 Qa8 40. h6 Bg8 41. Bg7 Kc8 42. Rd4 e3 43. Rd3 e2 44. Nxe2 Ra7 45. Nec1 Qh1 46. Qf5+ Kb8 47. Rd4 Rb7 48. Bf6 Rf8 49. Rxd6 Bh7 50. Qe5 Bxc2+ 51. Kxc2 Rc7+ 52. Kb1 Rfc8 53. Rd4 1-0


[Site "https://www.chess.com"]

[Event "Titled Tuesday Blitz August 16 Early 2022"]
[White "Estrada Nieto, Julian"]
[Black "Khabinets, Ivan"]
[WhiteFideId "5101018"]
[BlackFideId "14115980"]
[WhiteElo "2260"]
[BlackElo "1980"]
[Result "0-1"]
[Round "06"]
[TimeControl "180+2"]
[Date "2022.08.18"]
[WhiteClock "0:00:00"]
[BlackClock "0:00:00"]

1. e4 c5 2. Nf3 Nc6 3. Bb5 Nf6 4. Nc3 Qc7 5. O-O e6 6. Bxc6 dxc6 7. e5 Nd5 8. Ne4 Be7 9. d3 O-O 10. Bg5 f6 11. exf6 gxf6 12. Bh6 Rf7 13. Qd2 Kh8 14. c4 Nb6 15. Qc3 e5 16. Ng3 Be6 17. Nh4 Rg8 18. Nhf5 Bxf5 19. Nxf5 Qd7 20. Nxe7 Qg4 21. g3 Rxe7 22. Qe1 Rd7 23. Qe4 Qxe4 24. dxe4 Nxc4 25. Rfd1 Rgd8 26. Rxd7 Rxd7 27. b3 Na3 28. Rc1 b6 29. f4 Kg8 30. fxe5 fxe5 31. Rf1 Rf7 32. Rd1 Rf6 33. Rd8+ Kf7 34. Bg5 Re6 35. Rd7+ Kg6 36. Bh4 Nb5 37. Kg2 Rd6 38. Rxd6+ Nxd6 39. Kf3 Nb5 40. Bd8 Kf7 41. Kg4 Ke6 42. Kg5 Nc3 43. Kh6 Nxa2 44. Kxh7 b5 45. g4 Nc3 46. g5 Nxe4 47. g6 Kd7 48. g7 Kxd8 49. g8=Q+ Kc7 50. Qg7+ Kb6 51. Qxe5 Nd2 52. h4 Nxb3 53. h5 c4 54. h6 b4 55. Kg7 c3 56. Qb8+ Kc5 57. Qxa7+ Kc4 58. Qa6+ Kd4 0-1


[Site "https://www.chess.com"]

[Event "Titled Tuesday Blitz August 16 Early 2022"]
[White "Eynullayev, Altay"]
[Black "Ciuffoletti, Paolo"]
[WhiteFideId "13413562"]
[BlackFideId "807630"]
[WhiteElo "2223"]
[BlackElo "2106"]
[Result "1-0"]
[Round "06"]
[TimeControl "180+2"]
[Date "2022.08.18"]
[WhiteClock "0:00:00"]
[BlackClock "0:00:00"]

1. e4 c5 2. Nf3 Nc6 3. Bb5 e6 4. O-O Nge7 5. Re1 a6 6. Bf1 Ng6 7. d3 Be7 8. g3 O-O 9. h4 h6 10. h5 Nh8 11. Nbd2 d5 12. Bg2 b5 13. c3 Bb7 14. Nb3 Qd7 15. Be3 c4 16. Nc5 Qc7 17. Nxb7 Qxb7 18. exd5 exd5 19. Nd4 Bg5 20. dxc4 Bxe3 21. Rxe3 Nxd4 22. Bxd5 Nc6 23. Qf3 Rac8 24. cxb5 Qxb5 25. Rae1 Rfd8 26. c4 Qc5 27. a3 Nd4 28. Qg4 Nc2 29. b4 Nxe3 30. Rxe3 Qd6 31. Qd4 Qf6 32. Qa7 Rxd5 33. cxd5 Rc1+ 34. Kg2 Qf5 35. Qa8+ Kh7 36. Re8 Qxh5 37. Rxh8+ Kg6 38. Qxa6+ f6 39. Qd3+ f5 40. Qa6+ Kg5 41. f4+ Kg4 42. Qe2# 1-0


[Site "https://www.chess.com"]

[Event "Titled Tuesday Blitz August 16 Early 2022"]
[White "Ezat, Mohamed"]
[Black "Vakhlamov, Igor L."]
[WhiteFideId "10600906"]
[BlackFideId "24126748"]
[WhiteElo "2386"]
[BlackElo "2401"]
[Result "0-1"]
[Round "06"]
[TimeControl "180+1"]
[Date "2022.08.16"]
[WhiteClock "0:00:08"]
[BlackClock "0:00:15"]

1. d4 d5 2. c4 e6 3. Nc3 c5 4. cxd5 cxd4 5. Qxd4 Nc6 6. Qd1 exd5 7. e3 Nf6 8. Nf3 Bb4 9. Be2 O-O 10. O-O Bxc3 11. bxc3 Bg4 12. c4 Bxf3 13. Bxf3 dxc4 14. Bxc6 bxc6 15. Qa4 Qd5 16. Bb2 Qb5 17. Qc2 Nd5 18. Rac1 Rab8 19. Bd4 Nb6 20. Qe2 c5 21. Ba1 Rbd8 22. Qg4 f6 23. h4 Qd7 24. Qg3 Qd6 25. Qg4 Qb8 26. a4 a5 27. Rb1 Rd6 28. h5 Qc8 29. Qg3 Rfd8 30. h6 g6 31. Qf4 Qf5 32. Qg3 Qg5 33. Qh3 Qh5 34. Qf3 Qxf3 35. gxf3 Nxa4 36. Rb7 R8d7 37. Rb8+ Kf7 38. Rh8 Ke6 39. Rf8 c3 40. Ra8 Rd1 41. Ra6+ Kf7 42. Rxa5 Rxf1+ 43. Kxf1 Rd1+ 44. Ke2 Rxa1 45. Kd3 Rd1+ 46. Kc2 Rd2+ 47. Kc1 Nb2 48. Ra7+ Ke6 49. Ra6+ Kf5 50. e4+ Kg5 51. f4+ Kxh6 52. Rxf6 Nd3+ 53. Kb1 c2+ 0-1


[Site "https://www.chess.com"]

[Event "Titled Tuesday Blitz August 16 Early 2022"]
[White "Fawzy, Adham"]
[Black "Yeletsky, Ivan"]
[WhiteFideId "10613129"]
[BlackFideId "24180327"]
[WhiteElo "2541"]
[BlackElo "2293"]
[Result "1/2-1/2"]
[Round "06"]
[TimeControl "180+1"]
[Date "2022.08.16"]
[WhiteClock "0:00:25"]
[BlackClock "0:00:07"]

1. e4 Nf6 2. e5 Nd5 3. Nc3 Nxc3 4. dxc3 d6 5. Nf3 Bg4 6. Bf4 e6 7. h3 Bh5 8. Bb5+ Nc6 9. Qe2 a6 10. Bxc6+ bxc6 11. O-O Be7 12. Rfe1 O-O 13. Rad1 d5 14. b3 Qb8 15. a4 Qb7 16. Qe3 c5 17. Rd2 Rad8 18. Bg5 Bxg5 19. Nxg5 h6 20. Nf3 d4 21. cxd4 Bxf3 22. Qxf3 Qxf3 23. gxf3 cxd4 24. Red1 c5 25. c3 Rb8 26. cxd4 cxd4 27. Rxd4 Rxb3 28. Kg2 Rfb8 29. Rd8+ Kh7 30. Rxb8 Rxb8 31. Rd6 Ra8 32. Kg3 Kg6 33. Kf4 a5 34. Ke4 Rb8 35. Rd4 Rb2 36. Ke3 Rb3+ 37. Ke4 Ra3 38. Rc4 Ra2 39. Ke3 Kf5 40. f4 Ra3+ 41. Ke2 Rxh3 42. Rc7 Kg6 43. Ra7 Ra3 44. Rxa5 h5 45. Ra8 Kf5 46. Ra7 Kg6 47. Ra8 h4 48. Rh8 h3 49. f3 Rxa4 50. Ke3 Ra3+ 51. Ke4 Ra1 52. Rxh3 Re1+ 53. Kd3 Kf5 54. Rh7 Kxf4 55. Rxg7 Re3+ 56. Kd4 Rxe5 57. Rxf7+ Rf5 58. Re7 e5+ 59. Kd3 Kxf3 60. Re8 Kf4 61. Ke2 Rh5 62. Ra8 Rh2+ 63. Ke1 Rh3 64. Ke2 Rb3 65. Rf8+ Ke4 66. Rh8 Rb2+ 67. Ke1 Kd4 68. Rh3 e4 69. Rg3 Rc2 70. Rh3 Rg2 71. Ra3 e3 72. Ra8 Rg1+ 73. Ke2 Rg2+ 74. Ke1 Rg1+ 75. Ke2 Rg2+ 76. Ke1 1/2-1/2


[Site "https://www.chess.com"]

[Event "Titled Tuesday Blitz August 16 Early 2022"]
[White "Fernandez, Fernando"]
[Black "Pakleza, Zbigniew"]
[WhiteFideId "3802299"]
[BlackFideId "1119290"]
[WhiteElo "2292"]
[BlackElo "2411"]
[Result "1/2-1/2"]
[Round "06"]
[TimeControl "180+1"]
[Date "2022.08.16"]
[WhiteClock "0:00:05"]
[BlackClock "0:00:09"]

1. d4 d6 2. Nf3 Bg4 3. Bg5 Bxf3 4. gxf3 Nd7 5. c4 Ngf6 6. Nc3 e6 7. d5 e5 8. Bh3 Be7 9. Rg1 g6 10. Qb3 Nc5 11. Qc2 a5 12. f4 Nh5 13. e3 exf4 14. exf4 O-O 15. O-O-O Bxg5 16. fxg5 Re8 17. Kb1 Qe7 18. Qd2 Qe5 19. Bg4 Nf4 20. Rde1 Qxg5 21. Bd1 Qf6 22. Bc2 Nh5 23. Nb5 Re7 24. Rxe7 Qxe7 25. Re1 Qd7 26. Qg5 Re8 27. Rg1 c6 28. Nc3 Re5 29. Qd2 Qe7 30. a3 Nf6 31. dxc6 bxc6 32. Rd1 d5 33. cxd5 Nxd5 34. Nxd5 Rxd5 35. Qxa5 Rxd1+ 36. Bxd1 Ne4 37. Bc2 Nxf2 38. Qa8+ Kg7 39. Qxc6 Qf6 40. Qxf6+ Kxf6 41. a4 Ke5 42. a5 Kd6 43. b4 Kc7 44. b5 f5 45. Kb2 Ne4 46. Kb3 Nd6 47. Kb4 f4 48. b6+ Kc6 49. Ba4+ Kb7 50. Kc5 Ne4+ 51. Kd5 Nc3+ 52. Ke5 Nxa4 53. Kxf4 Nc5 54. Kg5 Ne4+ 55. Kh6 g5 56. Kxh7 g4 57. Kg6 Nd2 58. Kf5 Nf3 59. Kxg4 Nxh2+ 60. Kf4 Nf1 61. Ke4 Nd2+ 62. Kd5 Nb3 63. Kc4 Nxa5+ 64. Kb5 Nc6 65. Kc5 Nb8 66. Kd6 Nd7 67. Kxd7 Kxb6 1/2-1/2


[Site "https://www.chess.com"]

[Event "Titled Tuesday Blitz August 16 Early 2022"]
[White "Fernandez Siles, Luis"]
[Black "Dushyant Sharma"]
[WhiteFideId "2209420"]
[BlackFideId "25065130"]
[WhiteElo "2220"]
[BlackElo "2406"]
[Result "0-1"]
[Round "06"]
[TimeControl "180+2"]
[Date "2022.08.18"]
[WhiteClock "0:00:00"]
[BlackClock "0:00:00"]

1. e4 d5 2. exd5 Nf6 3. Bb5+ c6 4. dxc6 Nxc6 5. d4 Bg4 6. Ne2 e6 7. Nbc3 Bd6 8. f3 Bf5 9. Bf4 O-O 10. Bd3 Bxf4 11. Nxf4 Qxd4 12. Nfe2 Qe3 13. Bxf5 exf5 14. Qd2 Qb6 15. O-O-O Rac8 16. Qg5 Qa5 17. Rd6 Nb4 18. Rxf6 Rfe8 19. Rxf5 Qa6 20. Re5 Red8 21. Rc5 Rb8 22. a3 b6 23. Rc7 Na2+ 24. Kb1 Nxc3+ 25. Nxc3 h6 26. Qe7 Rf8 27. Rxa7 Qc4 28. Rc7 Qf4 29. Rd1 b5 30. Qe4 Qxc7 31. Nd5 Qa7 32. Ne7+ Kh8 33. Nf5 b4 34. Qe5 f6 35. Qf4 bxa3 36. b3 Qf7 0-1


[Site "https://www.chess.com"]